 Dungeon Crawl Stone Soup version 0.23-a0-642-g3120c2f5a9 (webtiles) character file.

231 CheiIsBae the Slasher (level 5, -1/39 HPs)
             Began as a Demonspawn Gladiator on Dec 31, 2018.
             Splashed by a jelly's acid (2 damage)
             ... on level 5 of the Dungeon.
             The game lasted 00:02:39 (3003 turns).

CheiIsBae the Slasher (Demonspawn Gladiator)        Turns: 3003, Time: 00:02:40

Health: -1/39      AC:  9    Str: 14    XL:     5   Next: 73%
Magic:  5/5        EV: 12    Int: 11    God:
Gold:   219        SH:  0    Dex: 14    Spells: 4/4 levels left

rFire    . . .     SeeInvis .   s - +0 long sword (curse)
rCold    . . .     Gourm    .   (no shield)
rNeg     . . .     Faith    .   q - +1 ring mail {rPois}
rPois    +         Spirit   .   c - +0 helmet
rElec    .         Reflect  .   (no cloak)
rCorr    .         Harm     .   (no gloves)
MR       .....                  (no boots)
Stlth    ++........             (no amulet)
HPRegen  0.13/turn              k - ring of flight
MPRegen  0.09/turn              (no ring)

@: no status effects
A: claws 1, thin metallic scales 1, nightstalker 1, rot immunity
a: Evoke Flight


You were on level 5 of the Dungeon.
You were very hungry.

You visited 1 branch of the dungeon, and saw 6 of its levels.

You collected 219 gold pieces.

Inventory:

Hand Weapons
 s - a cursed +0 long sword (weapon)
Armour
 c - a +0 helmet (worn)
 q - a +1 ring mail of poison resistance (worn)
Jewellery
 k - a ring of flight (left claw)
 u - an uncursed ring of protection from cold {unknown}
Scrolls
 e - 5 scrolls of identify {unknown}
 h - 3 scrolls of enchant armour {unknown}
 i - a scroll of enchant weapon {unknown}
 j - 2 scrolls of remove curse {unknown}
 l - 2 scrolls of amnesia {unknown}
 n - 3 scrolls of blinking {unknown}
 o - a scroll of teleportation {unknown}
 v - a scroll of magic mapping {unknown}
Potions
 a - a potion of lignification {unknown}
 b - a potion of mutation {unknown}
 g - a potion of berserk rage {unknown}
 m - a potion of flight {unknown}
 p - a potion of curing {unknown}
 r - a potion of heal wounds {unknown}
 t - 2 potions of degeneration {unknown}
Comestibles
 f - 9 rations


   Skills:
 - Level 2.4 Fighting
 * Level 5.5 Long Blades
 - Level 2.1 Throwing
 - Level 3.0 Dodging


You had 4 spell levels left.
You didn't know any spells.
Your spell library was empty.

Dungeon Overview and Level Annotations

Branches:
Dungeon (6/15)
 Temple: D:4-7

Altars:

Annotations:
D:4 2 runed doors


Innate Abilities, Weirdness & Mutations

You have sharp fingernails.
You are partially covered in thin metallic scales. (AC +2)
You are slightly more attuned to the shadows.
You are immune to rotting.


Message History

The centaur zombie hits you.
The centaur zombie hits you but does no damage.
You slash the centaur zombie!
The centaur zombie is almost destroyed.
The centaur zombie hits you.
* * * LOW HITPOINT WARNING * * *
You hit the centaur zombie.
You destroy the centaur zombie!
You start resting.
A jelly comes into view.
A jelly is nearby!
The jelly quivers.
There is a stone staircase leading down here.
You are feeling very hungry.
You hit the jelly.
Your claws burn!
The jelly is moderately wounded.
The jelly hits you.
You are splashed with acid!
The acid burns!
* * * LOW HITPOINT WARNING * * *
You slash the jelly!
Your claws burn!
You die...

#.#####.# #..
#....##.######.##
#J##...............
##.#####.####.#.##.#
....>....####.#.##.#
#########.......##.# ##
#.###...##.# ..#
####.###...##.# ...#
####..(......J@..# ...#
#.....#.##..###.######...##
#.....#.##..# #.##.........
#.......##..###............
#.....####......##..J......
#.....####.##.#######....#.
####.......##.# ....#
##########.# ....# #.#
....#


You could see a jelly.

Vanquished Creatures
  A crimson imp (D:5)
  A centaur zombie (D:5)
  3 adders
  3 gnolls (D:2)
  2 oozes (D:1)
  A worm (D:2)
  4 dart slugs
  4 leopard geckos
  An orc (D:3)
  2 ball pythons (D:3)
  4 giant cockroaches
  13 goblins
  9 hobgoblins
  7 jackals
  5 kobolds
  2 quokkas
  8 bats
  5 frilled lizards
  7 rats
82 creatures vanquished.

Notes
Turn   | Place    | Note
-------+----------+-------------------------------------------
     0 | D:1      | CheiIsBae the Demonspawn Gladiator began the quest for the
                  | Orb.
     0 | D:1      | Reached XP level 1. HP: 16/16 MP: 1/1
    92 | D:1      | Gained mutation: You have sharp fingernails. [demonic
                  | ancestry]
    92 | D:1      | Reached XP level 2. HP: 22/22 MP: 2/2
   146 | D:1      | Reached skill level 3 in Long Blades
   274 | D:1      | Gained mutation: You are partially covered in thin metallic
                  | scales. (AC +2) [demonic ancestry]
   274 | D:1      | Reached XP level 3. HP: 25/28 MP: 3/3
   534 | D:1      | You fall through a shaft!
   984 | D:1      | Gained mutation: You are immune to rotting. [demonic
                  | ancestry]
   984 | D:1      | Reached XP level 4. HP: 34/34 MP: 4/4
  1338 | D:2      | Reached skill level 4 in Long Blades
  2161 | D:3      | Gained mutation: You are slightly more attuned to the
                  | shadows. [demonic ancestry]
  2161 | D:3      | Reached XP level 5. HP: 33/39 MP: 5/5
  2858 | D:4      | Noticed an ogre
  2861 | D:4      | Found a runed gate.
  2861 | D:4      | Found a runed gate.
  2862 | D:4      | You fall through a shaft for 2 floors!
  2867 | D:5      | Entered Level 5 of the Dungeon
  2896 | D:5      | Reached skill level 5 in Long Blades
  3002 | D:5      | HP: 1/39 [acid (11)]
  3003 | D:5      | Splashed by a jelly's acid

Vault maps used:
D:1:      matt_arrival_refuge
D:2:      first_ration
D:4:      cheibrodos_barr_body, nicolae_overflow_hidden_temple,
          gammafunk_ghost_cemetery
D:5:      vehumet_altar_wand_db
D:6:      grunt_dithmenos_smoke_and_mirrors, lemuel_temple_firewalk_b,
          serial_shops, shop

Skill      XL: |  1  2  3  4  5 |
---------------+----------------+-----
Throwing       | 2 |  2.1
Long Blades    | 3 4 5 |  5.5
Dodging        | 3 |  3.0
Fighting       | |  2.4

Action                   |  1- 3 |  4- 6 || total
-------------------------+-------+-------++-------
Melee: Long sword        |    95 |   123 ||   218
Throw: Throwing net      |     2 |     2 ||     4
 Stab: Held in net/web   |       |     1 ||     1
       Sleeping          |       |     2 ||     2
       Distracted        |       |     1 ||     1
  Eat: Chunk             |       |     6 ||     6
Armor: Leather armour    |    12 |       ||    12
       Ring mail         |    29 |    54 ||    83
Dodge: Dodged            |    97 |    82 ||   179
       Rpst.: Long sword |    27 |    25 ||    52

Table legend:
 A = Non-vault XP
 B = Vault XP
 C = Vault XP percentage of total XP
 D = Non-vault monster count
 E = Vault monster count
 F = Vault count percentage of total count
                 A         B        C        D         E       F
            +---------+---------+-------+---------+---------+-------
      Total |     318 |      13 |   3.9 |      81 |       1 |   1.2
            +---------+---------+-------+---------+---------+-------
        D:1 |      61 |       0 |   0.0 |      30 |       0 |   0.0
        D:2 |     119 |       0 |   0.0 |      27 |       0 |   0.0
        D:3 |      44 |       0 |   0.0 |      22 |       0 |   0.0
        D:4 |       0 |      13 | 100.0 |       0 |       1 | 100.0
        D:5 |      94 |       0 |   0.0 |       2 |       0 |   0.0
            +---------+---------+-------+---------+---------+-------
